 Dungeon Crawl Stone Soup version 0.29.0-7-g18a832c13a (webtiles) character file.

Game seed: 17686316081667151924

83 billz999 the Sneak (level 4, -6/21 HPs)
             Began as a Vine Stalker Necromancer on Aug 31, 2022.
             Mangled by Terence
             ... wielding a +2 flail of protection
              (11 damage)
             ... on level 2 of the Dungeon.
             The game lasted 00:07:40 (1811 turns).

billz999 the Sneak (Vine Stalker Necromancer)       Turns: 1811, Time: 00:07:40

Health: -6/21      AC:  3    Str: 11    XL:     4   Next: 44%
Magic:  0/8        EV: 12    Int: 17    God:
Gold:   15         SH:  0    Dex: 14    Spells: 6/7 levels left

rFire   . . .      SeeInvis .   j - +1 dagger (holy)
rCold   . . .      Faith    .   (no shield)
rNeg    . . .      Spirit   +   a - +0 robe
rPois   .          Reflect  .   (no helmet)
rElec   .          Harm     .   (no cloak)
rCorr   .          Rampage  .   d - +0 pair of gloves
Will    .....                   (no boots)
Stlth   +++.......              (no amulet)
HPRegen 0.87/turn               (no ring)
MPRegen 0.11/turn               (no ring)

@: no status effects
A: fangs 2, regeneration 1, magic shield, antimagic bite, no potion heal 2
a: no special abilities


You were on level 2 of the Dungeon.
You visited 1 branch of the dungeon, and saw 2 of its levels.

You collected 15 gold pieces.

Inventory:

Hand Weapons
 f - a +0 club
 j - a +1 dagger of holy wrath (weapon)
Armour
 a - a +0 robe (worn)
 d - a +0 pair of gloves (worn)
Scrolls
 c - a scroll of butterflies {unknown}
 e - a scroll of vulnerability {unknown}
 h - 2 scrolls of identify {unknown}
 m - a scroll of teleportation {unknown}
 n - a scroll of magic mapping {unknown}
Potions
 b - a potion of magic
 g - a potion of invisibility {unknown}
 i - 3 potions of curing {unknown}
 k - a potion of brilliance {unknown}
 l - a potion of heal wounds {unknown}


   Skills:
 - Level 1.5 Dodging
 + Level 5.9 Stealth
 - Level 2.1 Spellcasting
 - Level 4.0 Necromancy


You had 6 spell levels left.
You knew the following spells:

 Your Spells              Type           Power      Damage    Failure   Level
a - Necrotise             Necr           60%        1d7       3%          1

Your spell library contained the following spells:

 Spells                   Type           Power      Damage    Failure   Level
 Vampiric Draining        Necr           15%        2d7       11%         3
 Animate Dead             Necr           15%        N/A       36%         4
 Agony                    Necr           15%        N/A       71%         5


Dungeon Overview and Level Annotations

Branches:
Dungeon (2/15)

Altars:

Annotations:
D:2 Terence


Innate Abilities, Weirdness & Mutations

You have extremely sharp teeth.
Your natural rate of healing is unusually fast.
When hurt, damage is shared between your health and your magic reserves.
Your bite disrupts and absorbs the magic of your enemies.
Potions cannot restore your health.


Message History

Terence writhes in agony.
Terence hits you with a +2 flail of protection!
The quokka attacks as you move away! The quokka closely misses you.
Terence attacks as you move away!
Terence hits you with a +2 flail of protection.
The quokka attacks as you move away! The quokka closely misses you.
Terence attacks as you move away! Terence closely misses you.
The quokka attacks as you move away! The quokka bites you.
Terence attacks as you move away! Terence barely misses you.
Terence attacks as you move away! Terence closely misses you.
The quokka attacks as you move away! The quokka completely misses you.
Terence attacks as you move away!
Terence hits you with a +2 flail of protection.
You see here a worm corpse.
Casting: Necrotise (safe; 3% risk of failure)
Confirm with . or Enter, or press ? or * to list all spells.
Aiming: Necrotise (safe; 3% risk of failure)
Press: ? - help, Shift-Dir - straight line, f/p - Terence
Aim: Terence, wielding a +2 flail of protection and wearing a +0 scale mail (severely wounded, chance to affect: 79%) Terence barely resists.
Terence hits you with a +2 flail of protection!
Unknown command.
Terence attacks as you move away! Terence misses you.
Terence attacks as you move away! Terence barely misses you.
Terence attacks as you move away!
Terence hits you with a +2 flail of protection.
Terence attacks as you move away! Terence misses you.
There is a stone staircase leading up here.
Terence shouts, "Get ready for death!"
Terence attacks as you move away! Terence closely misses you.
There is a stone staircase leading up here.
Terence attacks as you move away!
Terence hits you with a +2 flail of protection!
Terence attacks as you move away!
Terence hits you with a +2 flail of protection!
* * * LOW HITPOINT WARNING * * *
Terence attacks as you move away!
Terence hits you with a +2 flail of protection!
Ouch! That really hurt!
You die...

...# ##...)......##..# ...#
#.....)......... ...#
###########...............
...#####...............)....####.
.........#########........###..##
...########### #.......##......
...###.......#####...........##..
..............r@............## #.
...##...#####.##@...###.....####.
...####.#.....<.....†........##..
..## #.#...)...#######..##......
.### #....)..### #...###..## ...#
###....)# #.....#### ##.#
##....## ##...... #.#####..####
##...## ##.##..).## #.#..
......#### .#.8


You could see Terence and a quokka.

Vanquished Creatures
  Robin (D:2)
  An adder (D:2)
  2 worms (D:2)
  An orc (D:2)
  A ball python (D:2)
  2 bats (D:1)
  5 endoplasms
  2 giant cockroaches
  11 goblins
  3 hobgoblins (D:2)
  6 jackals
  2 kobolds
  A quokka (D:1)
  A frilled lizard (D:1)
  6 rats
45 creatures vanquished.

Vanquished Creatures (collateral kills)
  A giant cockroach (D:1)
  A jackal (D:2)
  A kobold (D:1)
  A frilled lizard (D:2)
4 creatures vanquished.

Grand Total: 49 creatures vanquished

Notes
Turn   | Place    | Note
-------+----------+-------------------------------------------
     0 | D:1      | billz999 the Vine Stalker Necromancer began the quest for
                  | the Orb.
     0 | D:1      | Reached XP level 1. HP: 9/9 MP: 4/4
   373 | D:1      | Reached skill level 3 in Stealth
   380 | D:1      | Reached XP level 2. HP: 10/13 MP: 0/6
   612 | D:1      | Reached skill level 4 in Stealth
   951 | D:1      | Reached XP level 3. HP: 12/16 MP: 0/7
  1249 | D:2      | Reached skill level 5 in Stealth
  1383 | D:2      | Noticed Robin
  1393 | D:2      | Killed Robin
  1394 | D:2      | Gained mutation: Your natural rate of healing is unusually
                  | fast. [Vine Stalker growth]
  1394 | D:2      | Reached XP level 4. HP: 9/21 MP: 0/8
  1674 | D:2      | Noticed Terence
  1811 | D:2      | Mangled by Terence

Illustrated notes

Levels and vault maps discovered:
D:1:      mrwooster_arrival_statue_2, layout_basic, minmay_tetromino_t4
D:2:      layout_rooms, hellmonk_ecumenical_altar_dog_temple, basic_altar,
          minmay_misc_feat_iff, uniq_natasha, uniq_robin, uniq_terence,
          uniq_jessica

Skill      XL: |  1  2  3 |
---------------+----------+-----
Stealth        | 3 4 5 |  5.9
Dodging        | |  1.5
Spellcasting   | |  2.1
Necromancy     | |  4.0

Action                   |  1- 3 |  4- 6 || total
-------------------------+-------+-------++-------
Melee: Unarmed           |    16 |       ||    16
       Bite              |     8 |     2 ||    10
       Dagger            |    17 |     7 ||    24
 Cast: Necrotise         |    41 |    29 ||    70
  Use: Scroll            |     2 |       ||     2
 Stab: Sleeping          |     7 |       ||     7
Armor: Robe              |     9 |     3 ||    12
Dodge: Dodged            |    26 |    16 ||    42
